 Dungeon Crawl Stone Soup version 0.23.2-1-ga50397a (webtiles) character file.

Game seed: 12194390889111237301

86899 MaxwellSilver the Warrior (level 15, -7/145 HPs)
             Began as a Minotaur Fighter on May 22, 2019.
             Was a High Priest of Okawaru.
             Mangled by a tyrant leech (10 damage)
             ... called by a spriggan druid
             ... on level 2 of the Swamp.
             The game lasted 01:18:57 (22345 turns).

MaxwellSilver the Warrior (Minotaur Fighter)       Turns: 22345, Time: 01:18:58

Health: -7/145     AC: 22    Str: 29    XL:     15   Next: 42%
Magic:  20/20      EV: 19    Int:  5    God:    Okawaru [*****.]
Gold:   733        SH: 19    Dex: 11    Spells: 14/14 levels left

rFire    . . .     SeeInvis +   G - +4 scimitar (flame)
rCold    . . .     Gourm    .   c - +0 shield
rNeg     . . .     Faith    .   A - +2 ring mail {rPois}
rPois    +         Spirit   .   H - +2 hat
rElec    .         Reflect  +   U - +2 cloak {MR+}
rCorr    .         Harm     .   I - +1 pair of gloves {Str+3}
MR       ++...                  D - +0 pair of boots
Stlth    ++........             R - +4 amulet of reflection
HPRegen  0.34/turn              y - ring of see invisible
MPRegen  0.17/turn              x - +1 ring of slaying

@: heroism, very slightly contaminated, invisible
A: retaliatory headbutt, horns 2
a: Heroism, Finesse, Renounce Religion


You were on level 2 of the Swamp.
You worshipped Okawaru.
Okawaru was extremely pleased with you.
You were not hungry.

You visited 5 branches of the dungeon, and saw 25 of its levels.

You collected 2510 gold pieces.
You spent 1777 gold pieces at shops.

Inventory:

Hand Weapons
 G - a +4 scimitar of flaming (weapon)
 J - a +1 demon blade of flaming
 V - the +1 longbow "Semyigum" {venom, rPois Str+2 Int+3 Dex+2, unknown}
   (Okawaru gifted it to you on level 5 of the Lair of Beasts)

   It poisons the ammo it fires.
   It affects your strength (+2).
   It affects your intelligence (+3).
   It affects your dexterity (+2).
   It protects you from poison.
Armour
 c - a +0 shield (worn)
 A - a +2 ring mail of poison resistance (worn)
 D - a +0 pair of boots (worn)
 H - a +2 hat (worn)
 I - a +1 pair of gloves of strength (worn)
 U - a +2 cloak of magic resistance (worn)
Jewellery
 g - an uncursed ring of resist corrosion
 o - an uncursed amulet of guardian spirit
 x - a +1 ring of slaying (right hand)
 y - a ring of see invisible (left hand)
 B - an uncursed ring of ice
 F - an uncursed ring of fire
 M - an uncursed ring of stealth
 Q - an uncursed ring of poison resistance
 R - a +4 amulet of reflection (around neck)
Wands
 v - a wand of digging (1)
 z - a wand of iceblast (36)
 E - a wand of flame (36)
 L - a wand of enslavement (5)
 T - a wand of paralysis (5)
Scrolls
 a - a scroll of brand weapon
 b - 2 scrolls of amnesia
 h - 6 scrolls of remove curse
 m - 6 scrolls of enchant armour
 q - 3 scrolls of identify
 r - 8 scrolls of teleportation
 t - 3 scrolls of fog
 u - 5 scrolls of fear
 C - 2 scrolls of acquirement
 K - 4 scrolls of enchant weapon
 S - a scroll of magic mapping
Potions
 d - a potion of invisibility
 e - 9 potions of curing
 i - 2 potions of haste
 j - 7 potions of brilliance
 k - 2 potions of resistance
 l - 2 potions of lignification
 n - 3 potions of ambrosia
 p - 4 potions of heal wounds
 s - 3 potions of degeneration
 w - 3 potions of flight
 N - a potion of magic
 P - a potion of mutation
Comestibles
 f - 44 rations


   Skills:
 * Level 16.5(21.5) Fighting
 * Level 16.3(21.3) Long Blades
 * Level 14.8(19.8) Armour
 + Level 9.7(14.7) Dodging
 + Level 11.1(16.1) Shields
 + Level 2.9(7.9) Unarmed Combat
 - Level 8.0 Invocations


You had 14 spell levels left.
You didn't know any spells.
Your spell library contained the following spells:

 Spells                   Type           Power        Failure   Level  Hunger
 Confusing Touch          Hex            #.....       54%         1    ##.....
 Summon Small Mammal      Summ           #...         54%         1    ##.....
 Call Imp                 Summ           #.......     69%         2    ###....
 Corpse Rot               Necr           N/A          69%         2    ###....
 Sublimation of Blood     Necr           #.........   69%         2    ###....
 Call Canine Familiar     Summ           #.......     89%         3    ####...
 Confuse                  Hex            #.......     89%         3    ####...
 Gell's Gravitas          Tloc           #.........   89%         3    ####...
 Summon Guardian Golem    Hex/Summ       #.......     89%         3    ####...
 Ice Form                 Ice/Tmut       #.......     100%        4    #####..
 Petrify                  Tmut/Erth      #.......     100%        4    #####..
 Summon Ice Beast         Ice/Summ       #.......     100%        4    #####..
 Summon Lightning Spire   Summ/Air       #.......     100%        4    #####..
 Agony                    Necr           #.......     100%        5    ######.
 Bolt of Draining         Conj/Necr      #.........   100%        5    ######.
 Dispel Undead            Necr           #.......     100%        5    ######.
 Excruciating Wounds      Chrm/Necr      #.........   100%        5    ######.
 Metabolic Englaciation   Hex/Ice        #.........   100%        5    ######.
 Yara's Violent Unravell  Hex/Tmut       #.........   100%        5    ######.
 Bolt of Cold             Conj/Ice       #.........   100%        6    #######
 Freezing Cloud           Conj/Ice/Air   #.........   100%        6    #######
 Ozocubu's Refrigeration  Ice            #.........   100%        6    #######
 Simulacrum               Ice/Necr       #.........   100%        6    #######


Dungeon Overview and Level Annotations

Branches:
Dungeon (14/15)            Temple (1/1) D:6            Lair (6/6) D:11
  Swamp (2/4) Lair:3        Snake (0/4) Lair:4        Slime (0/5) Lair:6
    Orc (2/2) D:11            Elf (0/3) Orc:2
 Vaults: D:13-14

Altars:
Ashenzari
Cheibriados
Dithmenos
Elyvilon
Fedhas
Gozag
Hepliaklqana
Kikubaaqudgha
Makhleb
Okawaru
Qazlal
Ru
Sif Muna
Trog
Uskayaw
Vehumet
Wu Jian
Xom
Yredelemnul
Zin
The Shining One
Jiyva

Shops:
D:6 (   Orc:2 ?*(%

Portals:
Trove: D:12 (give 7 potions of haste)

Annotations:
D:6 3 runed translucent doors, goulibeur's ghost, novice DrBe
D:10 1 runed translucent door, 1 exclusion
Lair:4 1 runed translucent door, exclusion: oklob plant, kalagan's ghost, journeyman DEEE
Swamp:1 3 runed translucent doors, Gizxag's ghost, adept DEEE; KCGemini's ghost, journeyman FeBe


Innate Abilities, Weirdness & Mutations

You reflexively headbutt those who attack you in melee.
You have a pair of horns on your head.


Message History

You block the five-headed hydra's attack.
The five-headed hydra bites you!
* * * LOW HITPOINT WARNING * * *
The five-headed hydra closely misses you.
You block the five-headed hydra's attack.
The tyrant leech closely misses you. You furiously retaliate!
You headbutt the tyrant leech.
You riposte.
You hit the tyrant leech. You burn the tyrant leech.
The tyrant leech is severely wounded.
You feel much better.
You are hit by a branch!
* * * LOW HITPOINT WARNING * * *
You block the alligator's attack. x2
You block the five-headed hydra's attack.
The five-headed hydra bites you!
* * * LOW HITPOINT WARNING * * *
The five-headed hydra barely misses you.
The five-headed hydra completely misses you.
The five-headed hydra barely misses you.
The tyrant leech bites you!
You die...

♣.≈≈≈.§≈≈..≈<≈♣≈≈
♣♣.≈≈♣
♣.≈≈♣.≈♣♣≈.≈≈≈..≈
♣.≈≈.♣
♣PP♣..≈≈♣≈.....≈≈
♣♣.≈≈♣♣
♣PPP..÷..§≈≈≈≈≈≈≈
♣≈.≈.<♣
♣♣PP♣♣♣♣♣..♣≈≈≈.§≈
♣≈≈≈≈P♣ ♣PP♣♣
♣♣.♣♣≈≈.≈.
♣.≈≈≈≈♣♣ ♣..♣
♣.....§≈≈
♣.♣≈§§≈♣♣♣..♣♣
♣♣≈≈≈≈..≈
♣♣.♣..≈..♣w@≈P♣
.≈≈≈..♣
♣....≈≈≈≈≈tD.♣♣
♣≈≈≈≈..
♣.♣≈≈≈≈≈≈f≈.♣♣
.♣≈.
♣♣§≈≈≈≈≈≈≈≈≈.♣
♣≈≈≈≈.≈≈≈≈≈≈.♣
♣.PP≈.i≈≈≈≈..♣
♣.♣i♣P≈.≈≈≈≈.♣♣
♣...≈≈≈..≈♣≈.♣
♣...≈...≈.≈≈≈..


You could see a thorn hunter, an alligator, a five-headed hydra, a tyrant leech
and a spriggan druid.

Vanquished Creatures
  Gastronok (D:8)
  A thorn hunter (Swamp:1)
  An orc warlord (Orc:1)
  2 entropy weavers (D:12)
  Nessos (Lair:4)
  Josephine (Lair:4)
  A fire dragon (Lair:6)
  Fannar (D:12)
  Erolcha (D:12)
  7 hydras
  A shambling mangrove (Swamp:2)
  A catoblepas (Lair:4)
  2 centaur warriors (D:13)
  3 two-headed ogres
  Erica (D:10)
  9 alligators
  The ghost of Aske the Basher, a journeyman GrMo of Okawaru (D:11)
  A queen ant (D:12)
  A death yak (Lair:4)
  3 orc high priests (Orc:2)
  A fire crab (Lair:6)
  A skeletal warrior (D:12)
  A swamp dragon (Swamp:1)
  7 orc knights
  An ugly thing (D:10)
  6 orc sorcerers
  3 cyclopes
  Maurice (Orc:2)
  Joseph (D:7)
  14 elephants
  4 black mambas
  2 centaur skeletons (D:8)
  3 molten gargoyles (Lair:6)
  4 gargoyles
  11 spiny frogs
  3 rime drakes
  A kobold demonologist (D:11)
  6 komodo dragons
  5 trolls
  A polar bear (Lair:6)
  Grinder (D:3)
  2 hornets (Swamp:1)
  4 tyrant leeches
  8 blink frogs
  5 hippogriffs
  A bog body (Swamp:1)
  3 shadows
  3 wyverns
  4 wraiths (Lair:4)
  2 spriggans (Swamp:1)
  Sigmund (D:5)
  45 yaks
  4 steam dragons
  3 hungry ghosts
  2 vampire mosquitoes (D:13)
  2 basilisks
  Menkaure (D:7)
  7 insubstantial wisps (Swamp:1)
  3 wargs
  6 nagas (Lair:4)
  Edmund (D:6)
  5 swamp worms
  4 hell hounds (Lair:6)
  11 soldier ants (D:12)
  10 water moccasins
  5 porcupines
  A phantom (D:9)
  2 swamp drakes (Swamp:1)
  6 black bears
  5 sky beasts
  36 orc warriors
  A necrophage (D:11)
  An eye of draining (D:11)
  2 ice beasts
  7 ogres
  7 centaurs
  10 crocodiles
  Blork the orc (D:5)
  A big kobold (shapeshifter) (D:13)
  2 big kobolds
  24 bullfrogs
  3 scorpions
  6 killer bees (D:12)
  A howler monkey (D:5)
  14 wights
  2 electric eels (D:10)
  5 lava snakes (Lair:6)
  5 crimson imps
  A quasit (D:9)
  3 centaur zombies
  6 hounds
  A jelly (D:14)
  21 orc priests
  Crazy Yiuf (D:5)
  3 bullfrog skeletons
  31 orc wizards
  Jessica (D:2)
  5 iguanas
  Ijyb (D:5)
  20 worker ants
  Natasha (thrice) (D:3)
  4 hell rats (Lair:3)
  A hound zombie (D:9)
  A hound skeleton (D:8)
  3 worker ant zombies
  15 adders
  8 gnolls
  2 shadow imps
  2 oozes
  2 adder zombies
  An adder skeleton (D:5)
  2 worms (D:3)
  2 dart slugs (D:1)
  7 leopard geckos
  95 orcs
  6 giant cockroaches
  12 goblins
  10 hobgoblins
  6 jackals
  8 quokkas
  2 ball pythons
  8 bats
  3 frilled lizards
  6 kobolds
  A quokka skeleton (D:4)
  17 rats
  3 briar patches (Swamp:2)
725 creatures vanquished.

Vanquished Creatures (others)
  An orc warrior (Orc:2)
  An orc wizard (D:10)
  A fire vortex (Lair:3)
  3 fungi
  8 plants
14 creatures vanquished.

Grand Total: 739 creatures vanquished

Notes
Turn   | Place    | Note
-------+----------+-------------------------------------------
     0 | D:1      | MaxwellSilver the Minotaur Fighter began the quest for the
                  | Orb.
     0 | D:1      | Reached XP level 1. HP: 19/19 MP: 0/0
    18 | D:1      | Reached XP level 2. HP: 24/27 MP: 1/1
   168 | D:1      | Reached XP level 3. HP: 32/34 MP: 2/2
   805 | D:2      | Noticed Jessica
   810 | D:2      | Killed Jessica
   810 | D:2      | Reached skill level 5 in Fighting
   810 | D:2      | Reached XP level 4. HP: 40/42 MP: 3/3
  1322 | D:3      | Noticed Natasha
  1326 | D:3      | Killed Natasha
  1326 | D:3      | Reached XP level 5. HP: 49/49 MP: 4/4
  1337 | D:3      | Noticed Natasha
  1340 | D:3      | Killed Natasha
  1340 | D:3      | Reached skill level 5 in Long Blades
  1456 | D:3      | Found a sacrificial altar of Ru.
  1599 | D:3      | Noticed Grinder
  1612 | D:3      | Killed Grinder
  1612 | D:3      | Reached XP level 6. HP: 10/58 MP: 5/5
  2010 | D:3      | Noticed Natasha
  2016 | D:3      | Killed Natasha
  2249 | D:4      | Reached XP level 7. HP: 62/66 MP: 6/6
  2835 | D:5      | Entered Level 5 of the Dungeon
  2841 | D:5      | Noticed Ijyb
  2854 | D:5      | Killed Ijyb
  3009 | D:5      | Noticed Sigmund
  3026 | D:5      | Killed Sigmund
  3110 | D:5      | Reached XP level 8. HP: 75/75 MP: 7/7
  3129 | D:5      | Found a runed translucent door.
  3130 | D:5      | Noticed Crazy Yiuf
  3327 | D:5      | Noticed Blork the orc
  3346 | D:5      | Killed Blork the orc
  3388 | D:5      | Reached skill level 1 in Dodging
  3719 | D:5      | Killed Crazy Yiuf
  3766 | D:6      | Found a glowing silver altar of Zin.
  3803 | D:6      | Noticed Edmund
  3815 | D:6      | Killed Edmund
  3815 | D:6      | Reached skill level 5 in Armour
  3845 | D:6      | Found Vaduwath's Weapon Shop.
  3874 | D:6      | Got a distressingly furry leather armour
  3885 | D:6      | Noticed goulibeur's ghost (novice DrBe)
  3902 | D:6      | Got a transparent robe
  4133 | D:6      | Found a staircase to the Ecumenical Temple.
  4138 | Temple   | Entered the Ecumenical Temple
  4192 | D:6      | Reached XP level 9. HP: 82/85 MP: 8/8
  4261 | D:6      | Found a runed translucent gate.
  4261 | D:6      | Found a runed translucent gate.
  4261 | D:6      | Found a runed translucent gate.
  4322 | D:6      | Reached skill level 10 in Fighting
  4331 | D:6      | Found a hide-covered altar of Uskayaw.
  4331 | D:6      | Found a shattered altar of Ashenzari.
  4331 | D:6      | Found an iron altar of Okawaru.
  4333 | D:6      | Found a snail-covered altar of Cheibriados.
  4339 | D:6      | Became a worshipper of Warmaster Okawaru
  4622 | D:6      | Identified the +2 robe "Kumafesm" {rF- Int+4 Dex+5} (You
                  | found it on level 6 of the Dungeon)
  4632 | D:6      | Identified the +0 leather armour "Mounete" {rPois rF+ SInv}
                  | (You found it on level 6 of the Dungeon)
  4712 | D:7      | Got a distressingly furry robe
  4725 | D:7      | Noticed Menkaure
  4738 | D:7      | Killed Menkaure
  4937 | D:7      | Noticed Joseph
  4958 | D:7      | Killed Joseph
  4958 | D:7      | Reached skill level 10 in Long Blades
  4958 | D:7      | Reached skill level 1 in Invocations
  5187 | D:7      | Found an opulent altar of Gozag.
  5198 | D:7      | Reached * piety under Okawaru
  5292 | D:7      | Reached skill level 5 in Shields
  5892 | D:8      | Got a coiled tin ring
  6056 | D:8      | Reached ** piety under Okawaru
  6150 | D:8      | Reached XP level 10. HP: 92/95 MP: 10/10
  6548 | D:8      | Noticed Gastronok
  6569 | D:8      | Killed Gastronok
  6569 | D:8      | Reached *** piety under Okawaru
  6578 | D:8      | Reached **** piety under Okawaru
  6917 | D:8      | Identified the +0 robe of Mutualism {rF+ MR+} (You found it
                  | on level 7 of the Dungeon)
  6941 | D:8      | Identified the ring of Diphuk {+Blink rC- Int+2 Stlth+}
                  | (You found it on level 8 of the Dungeon)
  7265 | D:9      | Reached XP level 11. HP: 100/104 MP: 12/12
  7349 | D:9      | Noticed a two-headed ogre
  7361 | D:9      | Killed a two-headed ogre
  7362 | D:9      | Reached skill level 5 in Dodging
  7742 | D:10     | Entered Level 10 of the Dungeon
  7771 | D:10     | Reached ***** piety under Okawaru
  8147 | D:10     | Noticed a two-headed ogre
  8156 | D:10     | Killed a two-headed ogre
  8206 | D:10     | Received a gift from Okawaru
  8502 | D:10     | Noticed Erica
  8529 | D:10     | Killed Erica
  8552 | D:10     | Found a runed translucent door.
  8552 | D:10     | Noticed a sixfirhy
  8976 | D:11     | Noticed a brown ugly thing
  8992 | D:10     | Killed a brown ugly thing
  9033 | D:11     | Got a transparent ring mail
  9107 | D:11     | Reached skill level 10 in Armour
  9123 | D:11     | Found a staircase to the Orcish Mines.
  9130 | D:11     | Found a runed translucent gate.
  9130 | D:11     | Found a runed translucent gate.
  9131 | D:11     | Found a runed translucent gate.
  9132 | D:11     | Noticed Aske's ghost (journeyman GrMo)
  9483 | D:11     | Reached skill level 5 in Invocations
  9572 | D:11     | Found a staircase to the Lair.
  9792 | D:11     | Killed Aske's ghost
  9792 | D:11     | Reached XP level 12. HP: 108/115 MP: 6/14
  9823 | D:11     | Identified the cursed +0 ring mail of Grace {rF+++ rC-
                  | Str+9 Dex-5} (You found it on level 11 of the Dungeon)
  9843 | D:11     | Identified a scroll of acquirement
  9846 | D:11     | Got a smoking bone amulet
  9848 | D:11     | Identified the amulet of Ditsuat {Harm *Drain rF+ Str+3
                  | Dex-2} (You acquired it on level 11 of the Dungeon)
 10204 | D:12     | Found an iron altar of Okawaru.
 10241 | D:12     | Noticed a two-headed ogre
 10241 | D:12     | Noticed an eight-headed hydra
 10241 | D:12     | Noticed Fannar
 10270 | D:12     | Killed a two-headed ogre
 10270 | D:12     | Reached ****** piety under Okawaru
 10270 | D:12     | Received a gift from Okawaru
 10274 | D:12     | Killed a six-headed hydra
 10304 | D:12     | Killed Fannar
 10358 | D:12     | Noticed a queen ant
 10359 | D:12     | Noticed an entropy weaver
 10362 | D:12     | Noticed an entropy weaver
 10373 | D:12     | Killed a queen ant
 10384 | D:12     | Killed an entropy weaver
 10394 | D:12     | Killed an entropy weaver
 10500 | D:12     | Noticed Erolcha
 10507 | D:12     | Killed Erolcha
 10866 | D:12     | Found a portal to a secret trove of treasure.
 10906 | D:12     | You fall through a shaft!
 10914 | D:13     | Noticed a centaur warrior
 10920 | D:13     | Killed a centaur warrior
 10939 | D:13     | Reached XP level 13. HP: 107/124 MP: 16/16
 11593 | D:13     | Found a basalt altar of Yredelemnul.
 11982 | D:13     | Received a gift from Okawaru
 12288 | Lair:1   | Entered Level 1 of the Lair of Beasts
 13010 | Lair:2   | Got a faintly glowing rapier
 13156 | Lair:2   | Received a gift from Okawaru
 13559 | Lair:3   | Received a gift from Okawaru
 13568 | Lair:3   | Got an ancient ring mail {god gift}
 13653 | Lair:3   | Found a staircase to the Swamp.
 14469 | Lair:4   | Noticed Josephine
 14487 | Lair:4   | Killed Josephine
 14500 | Lair:4   | Noticed Nessos
 14750 | Lair:4   | Killed Nessos
 14977 | Lair:4   | Found a staircase to the Snake Pit.
 15013 | Lair:4   | Reached skill level 15 in Fighting
 15186 | Lair:4   | Reached XP level 14. HP: 135/135 MP: 18/18
 15346 | Lair:4   | Found a runed translucent door.
 15346 | Lair:4   | Identified the +8 trident "Ivotorphi" {venom, +Inv rElec
                  | Int+4 Dex+4}
 15348 | Lair:4   | Noticed kalagan's ghost (journeyman DEEE)
 15852 | Lair:5   | Received a gift from Okawaru
 15870 | Lair:5   | Got an encrusted longbow {god gift}
 15929 | Lair:5   | Reached skill level 10 in Shields
 16292 | Lair:5   | Identified the +5 rapier "Berphiry" {pierce, +Rage MR++}
                  | (You found it on level 2 of the Lair of Beasts)
 16316 | Lair:5   | Identified the +1 ring mail of the Immovable Tables {Dex+9}
                  | (Okawaru gifted it to you on level 3 of the Lair of Beasts)
 16347 | Lair:6   | Entered Level 6 of the Lair of Beasts
 16424 | Lair:6   | Reached skill level 15 in Long Blades
 16957 | Lair:6   | Found a large runed translucent door.
 17202 | Lair:6   | Found a large runed translucent door.
 17633 | Lair:6   | Found a viscous altar of Jiyva.
 17633 | Lair:6   | Found a staircase to the Slime Pits.
 17646 | Lair:6   | Received a gift from Okawaru
 18254 | Orc:1    | Entered Level 1 of the Orcish Mines
 18566 | Orc:2    | Entered Level 2 of the Orcish Mines
 18876 | Orc:2    | Found a bloodstained altar of Trog.
 18903 | Orc:2    | Noticed an orc warlord
 18944 | Orc:1    | Killed an orc warlord
 19072 | Orc:2    | Paralysed by an orc sorcerer for 5 turns
 19530 | Orc:2    | Found a staircase to the Elven Halls.
 19854 | Orc:2    | Found Jusef's Weapon Emporium.
 19914 | Orc:2    | Found Qitexil's Magic Scroll Shop.
 20002 | Orc:2    | Found Ifiybrevuh's Assorted Antiques.
 20004 | Orc:2    | Found Obublopn's Food Emporium.
 20010 | Orc:2    | Bought a scroll labeled RUG GAUNOWN for 28 gold pieces
 20010 | Orc:2    | Bought a lumpy red potion for 25 gold pieces
 20057 | Orc:1    | Noticed Maurice
 20061 | Orc:1    | Paralysed by Maurice for 5 turns
 20079 | Orc:2    | Reached skill level 1 in Unarmed Combat
 20092 | Orc:2    | Killed Maurice
 20205 | Orc:2    | Reached XP level 15. HP: 144/144 MP: 17/20
 20234 | Orc:1    | Received a gift from Okawaru
 20593 | Orc:2    | Bought a scroll of identify for 26 gold pieces
 20593 | Orc:2    | Bought a scroll of acquirement for 676 gold pieces
 20593 | Orc:2    | Bought a scroll of acquirement for 676 gold pieces
 20593 | Orc:2    | Bought a scroll of enchant weapon for 97 gold pieces
 20593 | Orc:2    | Bought a scroll of teleportation for 39 gold pieces
 20601 | Orc:2    | Bought a scroll of blinking for 210 gold pieces
 20725 | Swamp:1  | Entered Level 1 of the Swamp
 21112 | Swamp:1  | Noticed a thorn hunter
 21119 | Swamp:1  | Killed a thorn hunter
 21639 | Swamp:1  | Found a runed translucent gate.
 21705 | Swamp:1  | Found a runed translucent gate.
 21705 | Swamp:1  | Found a runed translucent gate.
 21709 | Swamp:1  | Noticed KCGemini's ghost (journeyman FeBe)
 21709 | Swamp:1  | Noticed Gizxag's ghost (adept DEEE)
 22323 | Swamp:2  | Noticed a thorn hunter
 22344 | Swamp:2  | HP: 6/145 [five-headed hydra[a spriggan druid] (13)]
 22345 | Swamp:2  | Mangled by a tyrant leech

Skill      XL: |  1  2  3  4  5  6  7  8  9 10 11 12 13 14 15 |
---------------+----------------------------------------------+-----
Fighting       | 4 5 6 7 8 9 11 13 14 15 16 | 16.5
Long Blades    | 3 4 6 8 9 10 11 12 13 14 15 16 | 16.3
Armour         | 5 7 8 10 11 13 14 | 14.8
Dodging        | 2 3 4 6 7 8 9 |  9.7
Shields        | 4 5 6 7 8 9 10 11 | 11.1
Invocations    | 2 3 5 6 7 8 |  8.0
Unarmed Combat | 1 2 |  2.9

Action                   |  1- 3 |  4- 6 |  7- 9 | 10-12 | 13-15 || total
-------------------------+-------+-------+-------+-------+-------++-------
Melee: Long sword        |    98 |   132 |   301 |   305 |       ||   836
       Headbutt          |    11 |    24 |    76 |   140 |   301 ||   552
       Scimitar          |       |       |       |   290 |  1071 ||  1361
       Quick blade       |       |       |       |    12 |       ||    12
       Demon blade       |       |       |       |       |     7 ||     7
Invok: Heroism           |       |       |     1 |     5 |    16 ||    22
       Finesse           |       |       |       |     3 |     7 ||    10
  Use: Potion            |       |     1 |     1 |     2 |     6 ||    10
       Scroll            |       |       |       |    18 |    10 ||    28
  Eat: Chunk             |       |     5 |    12 |    12 |    31 ||    60
       Ration            |       |       |       |     2 |     2 ||     4
Armor: Scale mail        |    35 |    52 |    16 |       |       ||   103
       Ring mail         |       |       |    83 |   155 |   289 ||   527
Dodge: Dodged            |    29 |    31 |   117 |   189 |   406 ||   772
Block: Shield            |    48 |    61 |   130 |   256 |   694 ||  1189
       Reflection        |       |       |       |       |    18 ||    18
       Rpst.: Long sword |     8 |     7 |    28 |    22 |       ||    65
       Scimitar          |       |       |       |    17 |    81 ||    98
       Demon blade       |       |       |       |       |     1 ||     1
